Cogmind - Beta 13 @@@ ROGUE MODE // 2024.04.05 @ 15:47:12 Player: Geo Result: Destroyed by Y-54 Guardian with Flak Gun Performance ------------- Evolutions (0) 0 Regions Visited (3) 600 Robots Destroyed (38) 190 Value Destroyed (909) 909 Prototype IDs (1) 20 Alien Tech Used (0) 0 Bonus (-86) -86 TOTAL SCORE: 1633 Bonus ------- Friendly Fire -86 Cogmind --------- Core Integrity 0/250 Matter 300/300 Energy 180/180 System Corruption 0% Temperature Cool (12) Movement Treading (160) Location -7/Recycling Parts ------- > --- POWER (1) -------- Meta Core > --- PROPULSION (2+1) - Spiked Treads Spiked Treads > --- UTILITY (2+1) ---- Scrap Engine Subdweller Optics (+) > --- WEAPON (2+1) ----- Battle Rifle Ripper > --- INVENTORY (5) ---- Meta Core Large Storage Unit ECM Suite Makeshift Hacking Suite Tractor Beam Peak State ------------ > --- POWER ------------ Meta Core > --- PROPULSION ------- Spiked Treads Spiked Treads > --- UTILITY ---------- Scrap Engine Subdweller Optics > --- WEAPON ----------- Battle Rifle Ripper > --- INVENTORY -------- Meta Core Large Storage Unit ECM Suite Makeshift Hacking Suite Subdweller Shrapnel Launcher [Rating: 43] Favorites ----------- Power Meta Core Engine Ion Engine Power Core Meta Core Propulsion Light Treads Treads Light Treads Leg Aluminum Leg Wheel Subdweller Monowheel Utility Scrap Shield Device Subdweller Optics Storage Large Storage Unit Hackware Hacking Suite Protection Scrap Shield Weapon Ripper Energy Cannon Subdweller Beam Cannon Ballistic Gun Light Assault Rifle Launcher Subdweller Shrapnel Launcher Slashing Weapon Ripper Build | -11 -10 -10 -7 ------- Run | Yrd Mat Sub Rec Slots Evolved . | . . . . Power . | . . . . Propulsion . | . . . . Utility . | . . . . Weapon . | . . . . Parts Attached 28 | . 5 22 1 Power 1 | . . 1 . Engine . | . . . . Core 1 | . . 1 . Reactor . | . . . . Propulsion 10 | . 2 8 . Treads 6 | . 2 4 . Leg . | . . . . Wheel 4 | . . 4 . Hover . | . . . . Flight . | . . . . Utility 11 | . 3 7 1 Device 6 | . 1 4 1 Storage 2 | . 1 1 . Processor . | . . . . Hackware 1 | . 1 . . Protection 2 | . . 2 . Artifact . | . . . . Weapon 6 | . . 6 . Energy Gun . | . . . . Energy Cannon 2 | . . 2 . Ballistic Gun 2 | . . 2 . Ballistic Cannon . | . . . . Launcher 1 | . . 1 . Special Weapon . | . . . . Impact Weapon . | . . . . Slashing Weapon 1 | . . 1 . Piercing Weapon . | . . . . Special Melee Weapon . | . . . . Unidentified Prototypes 1 | . . 1 . Parts Lost 4 | . 1 3 . Power . | . . . . Propulsion 1 | . . 1 . Utility 2 | . 1 1 . Weapon 1 | . . 1 . Highest Loss Streak 1 | . 1 1 . To Critical Strikes . | . . . . Average Slot Usage (%) 76 | . 91 73 70 Engine 6 | . 14 5 . Core 5 | . . 6 10 Treads 20 | . 24 19 20 Wheel 2 | . . 3 . Device 8 | . 5 9 18 Storage 3 | . 14 1 1 Protection 4 | . . 5 . Energy Cannon 5 | . . 7 . Ballistic Gun 8 | . 28 5 10 Slashing Weapon 9 | . . 10 10 Naked Turns . | . . . . Heaviest Build 39 | 13 29 39 33 Greatest Support 40 | 20 40 40 40 Greatest Overweight (x) 1 | . . 1 . Average Overweight (x) . | . . . . Largest Inventory Capacity 15 | . 15 15 15 Average Capacity 7 | . 12 6 6 Most Carried 15 | . 11 14 15 Average Carried 5 | . 8 4 6 Final Capacity 15 | 8 15 15 5 Final Carried 14 | 6 11 14 5 Scrap Engine Consumption 11 | . . . 11 Class Distribution -------------------- 67% | Mutant 20% | Derelict-Mutant 7% | Subdweller-Mutant 4% | Scavenger-Mutant Dominant Class ---------------- Mutant | -10/Materials Mutant | -10/Subcaves Derelict-Mutant | -7/Recycling Resources | -11 -10 -10 -7 ----------- Run | Yrd Mat Sub Rec Matter Collected 1277 | 200 253 768 56 Remotely . | . . . . Salvage Created 1577 | . 390 798 389 Parts 103 | . 32 61 10 Haulers Intercepted 1 | . 1 . . Recyclers Shooed 4 | . 1 . 3 Parts Field Recycled . | . . . . Retrieved Matter . | . . . . Parts Self-Destructed 10 | . . 10 . Prevented . | . . . . Kills | -11 -10 -10 -7 ------- Run | Yrd Mat Sub Rec Combat Hostiles Destroyed 29 | . 10 19 . Melee 10 | . . 10 . Guns 11 | . 10 1 . Cannons 5 | . . 5 . AOE 3 | . . 3 . Classes Destroyed 10 | . 6 3 1 Builder 1 | . 1 . . Hauler 1 | . 1 . . Recycler 5 | . . . 5 Mechanic 1 | . 1 . . Operator 1 | . 1 . . Swarmer 10 | . 6 4 . Grunt 5 | . 4 1 . Artisan 2 | . . 2 . Cobbler 1 | . . 1 . Subdweller 14 | . . 14 . Best Kill Streak 4 | . 4 4 4 Combat Bots Only 4 | . 3 4 . Max Kills in Single Turn 3 | . 1 3 1 Gunslinging . | . . . . Exploded 3 | . . 3 . Melee 1 | . . 1 . Uniques/NPCs Destroyed . | . . . . Combat | -11 -10 -10 -7 -------- Run | Yrd Mat Sub Rec Hostile Shots Fired 154 | . 45 73 36 Missed 39 | . 11 18 10 Damage Taken 1691 | . 351 1156 184 Core 252 | . 44 175 33 Absorbed by Shields . | . . . . Core Remaining (%) 100 | 100 . . . Volleys Fired 112 | . 52 55 5 Largest 2 | . 2 2 1 Hottest 80 | . 40 80 25 Shots Fired 167 | . 104 58 5 Gun 118 | . 104 9 5 Cannon 48 | . . 48 . Launcher 1 | . . 1 . Special . | . . . . Kinetic 119 | . 104 10 5 Thermal 48 | . . 48 . Explosive . | . . . . Electromagnetic . | . . . . Robot Hit Streak 20 | . 9 20 4 Robot Miss Streak 4 | . 4 2 1 Penetration Max . | . . . . Secondary Targets . | . . . . Shots Hit Robots 135 | . 58 65 12 Core Hits 56 | . 25 25 6 Critical Kills . | . . . . Critical Parts Destroyed 1 | . 1 . . Critical Strikes 4 | . 1 2 1 Destroy 1 | . 1 . . Sever 3 | . . 2 1 Melee Attacks 65 | . . 55 10 Impact . | . . . . Slashing 65 | . . 55 10 Piercing . | . . . . Sneak Attacks 9 | . . 4 5 Combat Hostiles . | . . . . Follow-up Attacks . | . . . . Damage Inflicted 3340 | . 606 2190 544 Guns 756 | . 604 91 61 Cannons 730 | . . 730 . Explosions 140 | . . 140 . Melee 1712 | . . 1229 483 Ramming 2 | . 2 . . Kinetic 896 | . 604 231 61 Thermal 730 | . . 730 . Explosive . | . . . . Electromagnetic . | . . . . Impact . | . . . . Slashing 1712 | . . 1229 483 Piercing . | . . . . Highest Corruption . | . . . . Average Corruption . | . . . . Corruption Purged . | . . . . Corruption Blocked . | . . . . Overload Shots . | . . . . Overflow Damage 24 | . . 24 . Projectiles . | . . . . Explosions . | . . . . Melee 24 | . . 24 . Knockbacks . | . . . . Impact . | . . . . Kinetic . | . . . . Secondary . | . . . . Self-Inflicted Damage 63 | . . 63 . Shots 1 | . . 1 . Rammed 1 | . 1 . . Targets Rammed 1 | . 1 . . Kicked . | . . . . Crushed . | . . . . Highest Temperature 9 | . 9 9 5 Average Temperature 6 | . 6 7 5 Received Heat Transfer 285 | . 93 144 48 Siege Activations . | . . . . Robots Corrupted . | . . . . Combat Hostiles . | . . . . Parts Fried . | . . . . Impact Corruptions . | . . . . Robots Melted . | . . . . Combat Hostiles . | . . . . Parts Melted . | . . . . Heat Transferred 962 | . . 962 . Parts Sabotaged . | . . . . Parts Stolen . | . . . . Parts Stripped . | . . . . Power Chain Reactions . | . . . . Alert | -11 -10 -10 -7 ------- Run | Yrd Mat Sub Rec Peak Influence 344 | . 212 . 344 Initial 319 | . . . 319 Average 105 | . 68 . 328 Maximum Alert Level 1 | . 1 . 1 Low Security (%) 82 | . 95 . . Level 1 17 | . 4 . 100 Level 2 . | . . . . Level 3 . | . . . . Level 4 . | . . . . Level 5 . | . . . . High Security . | . . . . Max Security . | . . . . Squads Dispatched 1 | . 1 . . Investigation . | . . . . Extermination . | . . . . Reinforcement 1 | . 1 . . Assault . | . . . . Garrison . | . . . . Intercept . | . . . . Searches Triggered . | . . . . Construction Impeded . | . . . . Haulers Reinforced . | . . . . Active Scanning Responses . | . . . . Cargo Convoy Interrupts . | . . . . Stealth | -11 -10 -10 -7 --------- Run | Yrd Mat Sub Rec Distress Signals 3 | . 2 . 1 Communications Jammed . | . . . . Distress Signals . | . . . . Times Spotted 60 | . 19 40 1 Peak Tracking Total 4 | . 3 4 1 Tactical Retreats 2 | . . 2 . Traps | -11 -10 -10 -7 ------- Run | Yrd Mat Sub Rec Traps Triggered 2 | . . 2 . Indirectly . | . . . . Trap Hack Attempts . | . . . . Triggered . | . . . . Disarmed . | . . . . Reprogrammed . | . . . . Reused 2 | . . 2 . Traps Extracted . | . . . . Installed 2 | . . 2 . Triggered 3 | . . 3 . Most Traps Carried 2 | . . 2 . Machines | -11 -10 -10 -7 ---------- Run | Yrd Mat Sub Rec Machines Disabled 2 | . . 2 . Max in Single Turn 1 | . . 1 . Machines Repaired . | . . . . Machines Dismantled . | . . . . Machines Sabotaged . | . . . . Overloaded Fab Kills . | . . . . Hacking | -11 -10 -10 -7 --------- Run | Yrd Mat Sub Rec Machines Accessed 4 | . 3 . 1 Terminals 4 | . 3 . 1 Fabricators . | . . . . Repair Stations . | . . . . Recycling Units . | . . . . Scanalyzers . | . . . . Garrison Access . | . . . . Total Hacks 11 | . 10 . 1 Successful 5 | . 5 . . Failed 6 | . 5 . 1 Catastrophic 1 | . . . 1 Database Lockouts . | . . . . Manual 5 | . 5 . . Terminals 11 | . 10 . 1 Fabricators . | . . . . Repair Stations . | . . . . Recycling Units . | . . . . Scanalyzers . | . . . . Garrison Access . | . . . . Terminal Hacks 4 | . 4 . . Terminal Index 1 | . 1 . . Unreport Threat 1 | . 1 . . Locate Traps 1 | . 1 . . Hauler Manifests 1 | . 1 . . Fabricator Hacks . | . . . . Repair Station Hacks . | . . . . Recycling Unit Hacks . | . . . . Scanalyzer . | . . . . Garrison Access Hacks . | . . . . Unauthorized Hacks 1 | . 1 . . Terminals 1 | . 1 . . Operators 1 | . 1 . . Fabricators . | . . . . Repair Stations . | . . . . Recycling Units . | . . . . Scanalyzers . | . . . . Garrison Access . | . . . . Data Cores Recovered . | . . . . Used . | . . . . Hacking Detections 4 | . 3 . 1 Full Trace Events . | . . . . Feedback Events . | . . . . Feedback Blocked . | . . . . Robot Schematics Acquired . | . . . . Robots Built . | . . . . Authchips . | . . . . Time . | . . . . Total Robot Build Rating . | . . . . Part Schematics Acquired . | . . . . Parts Built . | . . . . Authchips . | . . . . Time . | . . . . Total Part Build Rating . | . . . . Parts Repaired . | . . . . Time . | . . . . Parts Recycled . | . . . . Recycled Matter . | . . . . Retrieved Matter . | . . . . Retrieved Components . | . . . . Parts Scanalyzed . | . . . . Part Schematics Acquired . | . . . . Parts Damaged . | . . . . Bothacking | -11 -10 -10 -7 ------------ Run | Yrd Mat Sub Rec Used RIF Installer . | . . . . Robots Hacked . | . . . . Non-combat . | . . . . Combat . | . . . . Robot Hacks Applied . | . . . . Relay Couplers Released . | . . . . Fabnet Peak Effective % . | . . . . Robots Rewired . | . . . . Allies Hacked . | . . . . Hacks Repelled . | . . . . Allies | -11 -10 -10 -7 -------- Run | Yrd Mat Sub Rec Total Allies . | . . . . Largest Group . | . . . . Highest-Rated Group . | . . . . Highest-Rated Ally . | . . . . Total Orders . | . . . . Ally Attacks . | . . . . Total Damage . | . . . . Kills . | . . . . Allies Corrupted . | . . . . Allies Melted . | . . . . Intel | -11 -10 -10 -7 ------- Run | Yrd Mat Sub Rec Robot Analysis Total . | . . . . Derelict Logs Recovered 1 | . . 1 . Drone Launches . | . . . . Drone Recoveries . | . . . . Exploration | -11 -10 -10 -7 ------------- Run | Yrd Mat Sub Rec Turns Passed 5538 | . 774 4636 128 Spaces Moved 2986 | 1 392 2541 52 Core . | . . . . Treads 2378 | . 321 2005 52 Legs 72 | 1 71 . . Wheels 536 | . . 536 . Hover . | . . . . Flight . | . . . . Fastest Speed 110 | 120 120 110 160 Average Speed 150 | 120 152 150 160 Slowest Speed 260 | 120 160 260 160 Overloaded Moves . | . . . . Propulsion Burnouts . | . . . . Robots Hopped . | . . . . Cave-ins Triggered . | . . . . Exploration Rate (%) 42 | 2 69 94 6 Regions Visited 3 Branch Regions 2 Pre-discovered Areas . | . . . . Known Exits Taken . | . . . . Unknown Exits Taken 3 | 1 1 1 . Scrap Searched 8 | . . 8 . Spaces Dug 12 | . . 12 . Terrain Destroyed 28 | . . 28 . Melee 9 | . . 9 . Projectile 5 | . . 5 . AOE 14 | . . 14 . Terrain Rammed . | . . . . Walls Destroyed . | . . . . Machines Disabled . | . . . . Actions | -11 -10 -10 -7 --------- Run | Yrd Mat Sub Rec Total 3783 | . 474 3229 80 Wait 502 | . 11 488 3 Move 2983 | . 391 2540 52 Hop . | . . . . Pick Up 44 | . 10 29 5 Fast Attach 12 | . 1 11 . Attach 8 | . 3 4 1 Detach 3 | . . 3 . Swap 8 | . 1 7 . Drop 35 | . 4 27 4 Fire 112 | . 52 55 5 Melee 65 | . . 55 10 Ram . | . . . . Kick . | . . . . Crush 1 | . 1 . . Escape Stasis . | . . . . Rewire . | . . . . Trap 2 | . . 2 . Miscellaneous 8 | . . 8 . Route ------- -11/Scrapyard -10/Materials (discovered 5 exits: [*Mat x3] / [*Min] / *Sub) -10/Subcaves (discovered 3 exits: [*Mat x2] / *Rec) -7/Recycling History --------- Turn | Location | Event 1 | -11/Scrapyard | Discovered new exit (range 0) 1 | -11/Scrapyard | Entered Materials 257 | -10/Materials | Discovered new exit (range 9) 303 | -10/Materials | Build established: Mutant 346 | -10/Materials | Discovered new exit (range 10) 349 | -10/Materials | Discovered new exit (range 16) 592 | -10/Materials | Discovered new exit (range 13) 767 | -10/Materials | Discovered new exit (range 6) 775 | -10/Materials | Entered Subcaves 780 | -10/Subcaves | A swath of the cavern ceiling suddenly collapsed 2457 | -10/Subcaves | A Subdweller sparked back to life 2457 | -10/Subcaves | A Subdweller sparked back to life 2502 | -10/Subcaves | Found Prototype Power Core 2502 | -10/Subcaves | Identified Meta Core 2503 | -10/Subcaves | Attached Meta Core, gained temporary slots: Propulsion, Utility, Weapon 2742 | -10/Subcaves | A swath of the cavern ceiling suddenly collapsed 3069 | -10/Subcaves | Visited 4L-MR0's lab 3090 | -10/Subcaves | Found Meta Core 3541 | -10/Subcaves | Discovered new exit (range 8) 3924 | -10/Subcaves | Learned location of 2 exits from Materials 4000 | -10/Subcaves | Shifting Twisted Machinery released Battle Rifle 4024 | -10/Subcaves | Build established: Subdweller-Mutant 4075 | -10/Subcaves | Discovered new exit (range 10) 4166 | -10/Subcaves | Ambushed by angry Subdweller bent on revenge 4176 | -10/Subcaves | Core integrity fell below 50% 4399 | -10/Subcaves | Shifting Twisted Machinery released Sub. Laser 4419 | -10/Subcaves | Shifting Twisted Machinery released Spk. Treads 4720 | -10/Subcaves | Build established: Derelict-Mutant 4849 | -10/Subcaves | Disturbed a concealed Subdweller 4865 | -10/Subcaves | Disturbed a concealed Subdweller 5386 | -10/Subcaves | Discovered new exit (range 6) 5394 | -10/Subcaves | Core integrity fell below 20% 5411 | -10/Subcaves | Entered Recycling 5415 | -7/Recycling | Found Scrap Engine 5539 | -7/Recycling | Destroyed by Y-54 Guardian with Flak Gun Last Messages --------------- 05491_ Sneak attack on R-06 Scavenger. 05491_ R-06 Scavenger destroyed. 05491_ R-06 Scavenger collects Com. Wheel. 05493_ Sneak attack on R-06 Scavenger. 05493_ R-06 Scavenger destroyed. 05502_ Scrap Engine consumes Com. Wheel. 05504_ R-06 Scavenger collects Grenade Launcher. 05507_ Sneak attack on R-06 Scavenger. 05507_ R-06 Scavenger destroyed. 05507_ R-06 Scavenger collects Grenade Launcher. 05510_ R-06 Scavenger collects Sml. Storage Unit. 05512_ Scrap Engine consumes Com. Wheel. 05516_ Sneak attack on R-06 Scavenger. 05516_ R-06 Scavenger destroyed. 05517_ Scrap Engine consumes Com. Wheel. 05521_ R-06 Scavenger collects Com. Wheel. 05521_ R-06 Scavenger collects Sml. Storage Unit. 05523_ Sneak attack on R-06 Scavenger. 05524_ R-06 Scavenger sends out distress signal. 05535_ Y-54 Guardian Imp. Deuterium Engine severed. Map ----- +----------------------------------------------------+ | ????????????????????????????????????????? | | ????????????????????????????????????????? | | ????????????????????????????????????????? | | ????????????????????????????????????????? | | ????????????????????????????????????????? | | ????????????????????????????????????????? | | ????????????????????????????????????????? | | ????????????????????????????????????????? | | ????????????????????????????????????????? | | ????????????????????????????????????????? | | ????????????????????????????????????????? | | ????????????????????????????????????????? | | ????????????????????????????????????????? | | ????????????????????????????????????????? | | ????????????????????????????????????????? | | ????????????????????????????????????????? | | ????????????????????????????????????????? | | ???????###########??????????????????????? | | ???????# """T""" #??????????????????????? | | ???????# ] #??????????????????????? | | ???????# % /#??????????????????????? | | ???????# %]%%#??????????????????????? | | ???????# """ """ #??????????????????????? | | ???????# """ """%#??????????????????????? | | ???????# """ """!#??????????????????????? | | ???????# @#??????? ?????????????? | | ???????########Y## # ?????????? | | ?????????# ] * ?????????? | | ?????????# ?????????? | | ?????????# ###????????????? | | ?????????# #??????????????? | | ?????????###!!!###########??????????????? | | ???????????#! !#????????????????????????? | | ???????????#####????????????????????????? | | ????????????????????????????????????????? | | ????????????????????????????????????????? | | ????????????????????????????????????????? | | ????????????????????????????????????????? | | ????????????????????????????????????????? | | ????????????????????????????????????????? | | ????????????????????????????????????????? | | ????????????????????????????????????????? | | | | | | | | | | | | | | | | | +----------------------------------------------------+ Best States ------------- Heat Dissipation 35 Energy Generation 17 Energy Capacity 250 Matter Stores 300 Matter Capacity 300 Sight Range 21 Terrain Scan Density 10 Armor Coverage 800 Evasion (%) 55 Recoil Reduction 2 Offensive Hacking 10 Item Schematics ----------------- None Robot Schematics ------------------ None Fabricated ------------ Nothing Alien Tech Used ----------------- None Achievements -------------- None Challenges ------------ None Game ------ Seed CompositeArmoredGun Manual? 0 Play Time 00:51:06 Cumulative 469.8 hours Start 2024.04.05 @ 14:00:17 End 2024.04.05 @ 15:47:12 Sessions 1 Manual Loads 0 Difficulty Rogue Special Mode None Game No. 520 Rogue 520 Adventurer 0 Explorer 0 Win Type - Total 13 Types 9/0/3/1/0/0/0/0/0 Lore% 81 Gallery% 90 Achievement% 81 Wizard Run 0 Options --------- Layout 0 ASCII 0 Keyboard 0 Movement Mouse Keybinds 0 Fullscreen 1 Font 18/Terminus Map View 76x50 Zoom Use 0% Tactical HUD 1 Map Filters NONE Filters NONE Steam 1 RUN: 9adf3a18-ae84-497c-8237-4f91bc993c69